 Dungeon Crawl Stone Soup version 0.19-a0-892-g8a19e52 (webtiles) character file.

1099 Moloch the Cleaver (level 8, -5/58 HPs)
             Began as a Demonspawn Fighter on July 4, 2016.
             Was an Initiate of Okawaru.
             Killed by divine providence
             ... invoked by an orc priest
              (15 damage)
             ... on level 6 of the Dungeon.
             The game lasted 00:07:47 (4141 turns).

Moloch the Cleaver (Demonspawn Fighter)             Turns: 4141, Time: 00:07:47

Health: -5/58      AC:  8    Str: 19    XL:     8   Next: 10%
Magic:  8/8        EV:  5    Int: 10    God:    Okawaru [......]
Gold:   297        SH: 14    Dex: 12    Spells: 0 memorised, 7 levels left

rFire  . . .     SeeInvis .     x - +3 war axe (flame)
rCold  + . .     Gourm    .     b - +0 scale mail
rNeg   . . .     Faith    .     p - +1 large shield {reflect}
rPois  .         Spirit   .     (no helmet)
rElec  .         Dismiss  .     (no cloak)
rCorr  .         Reflect  +     k - +0 pair of gloves
SustAt .         Harm     .     (no boots)
MR     .....                    h - amulet of regeneration (curse)
Stlth  ..........               (no ring)
                                s - ring of protection from cold

@: not resistant to hostile enchantments, extremely unstealthy
A: talons 2, icy blue scales 1, powered by pain 1
a: Renounce Religion


You were on level 6 of the Dungeon.
You worshipped Okawaru.
Okawaru was noncommittal.
You were not hungry.

You visited 2 branches of the dungeon, and saw 7 of its levels.

You collected 381 gold pieces.
You spent 84 gold pieces at shops.

Inventory:

Hand Weapons
 x - a +3 war axe of flaming (weapon)
Armour
 b - a +0 scale mail (worn)
 k - a +0 pair of gloves (worn)
 p - a +1 large shield of reflection (worn)
Jewellery
 h - a cursed amulet of regeneration (around neck)
 s - a ring of protection from cold (left hand)
Wands
 a - a wand of lightning (6/15)
Scrolls
 e - a scroll of enchant armour {unknown}
 m - 3 scrolls of remove curse {unknown}
 q - a scroll of magic mapping {unknown}
 t - 2 scrolls of recharging {unknown}
 w - a scroll of enchant weapon {unknown}
 y - 5 scrolls of identify
Potions
 c - 2 potions of lignification {unknown}
 d - 2 potions of curing {unknown}
 i - a potion of agility {unknown}
 j - 6 potions of brilliance
 l - a potion of ambrosia
 r - 2 potions of mutation
 u - 2 potions of heal wounds
Comestibles
 f - 4 bread rations
 g - a beef jerky
 n - 7 chunks of flesh
 o - a royal jelly
 v - a slice of pizza
 z - a fruit


   Skills:
 - Level 3.0 Fighting
 + Level 9.0 Axes
 - Level 2.6 Armour
 - Level 2.6 Shields


You had 7 spell levels left.
You didn't know any spells.

Dungeon Overview and Level Annotations

Branches:
Dungeon (6/15)             Temple (1/1) D:6

Altars:
Cheibriados
Dithmenos
Elyvilon
Fedhas
Gozag
Hepliaklqana
Kikubaaqudgha
Makhleb
Nemelex Xobeh
Okawaru
Pakellas
Qazlal
Ru
Sif Muna
Trog
Uskayaw
Vehumet
Xom
Yredelemnul
Zin
The Shining One

Shops:
D:4 (   D:5 }   D:6 }


Innate Abilities, Weirdness & Mutations

You have razor-sharp toenails.
You are partially covered in icy blue scales. (AC +1)
You sometimes gain a little power by taking damage.


Message History

You are too injured to fight recklessly!
Unknown command.
Unknown command.
You are too injured to fight recklessly!
Unknown command.
You are too injured to fight recklessly!
You barely miss the orc priest. You hit the hound zombie.
You burn the hound zombie. The hound zombie bites you.
* * * LOW HITPOINT WARNING * * *
The orc priest hits you but does no damage.
Unknown command.
You hit the orc priest. You burn the orc priest.
Your kick misses the orc priest.
The orc priest is heavily wounded.
You hit the hound zombie. You burn the hound zombie.
The hound zombie bites you.
* * * LOW HITPOINT WARNING * * *
The orc priest mumbles some strange prayers to Beogh against you.
Beogh smites you!
You die...

#.##..#... #. ...
#....∩. ###. #.##
#..#... ... #.
##...#.# #.. #
#....... #.. #..####.
#.###..######.# #..#
. #......oZ.....#
#..# # #@# #..#####
#.# #..#.... #.#
#>...... #.# #.##.##.
####.#########.##^###
#....(...)........###
#.##.....#####.......
# #####.# ########
#.#


You could see an orc priest and a hound zombie.

Vanquished Creatures
  Grinder (D:3)
  2 ogres
  A giant frog (D:6)
  3 scorpions
  A howler monkey (D:4)
  A crimson imp (D:5)
  A hound (D:4)
  2 orc priests
  An orc wizard (D:3)
  An iguana (D:5)
  Natasha (thrice) (D:3)
  2 worker ants
  A howler monkey zombie (D:4)
  5 adders
  2 oozes
  An adder skeleton (D:4)
  An adder zombie (D:5)
  4 worms
  4 dart slugs
  6 giant geckos
  11 orcs
  A giant cockroach (D:5)
  8 goblins
  3 hobgoblins
  6 jackals
  3 quokkas (D:2)
  3 ball pythons
  8 bats
  A giant gecko zombie (D:6)
  6 giant newts
  A jackal skeleton (D:4)
  5 kobolds
  9 rats
108 creatures vanquished.

Vanquished Creatures (others)
  An orc (D:6)
1 creature vanquished.

Grand Total: 109 creatures vanquished

Notes
Turn   | Place    | Note
-------+----------+-------------------------------------------
     0 | D:1      | Moloch the Demonspawn Fighter began the quest for the Orb.
     0 | D:1      | Reached XP level 1. HP: 18/18 MP: 1/1
   121 | D:1      | Reached skill level 2 in Axes
   336 | D:1      | Gained mutation: You are partially covered in icy blue scales. (AC +1) [demonic ancestry]
   336 | D:1      | Reached XP level 2. HP: 24/24 MP: 2/2
   713 | D:2      | Reached skill level 3 in Axes
   824 | D:2      | Found a burning altar of Makhleb.
   827 | D:2      | Found a glowing silver altar of Zin.
   827 | D:2      | Noticed an angel
   828 | D:2      | Noticed a blizzard demon
   854 | D:2      | Reached XP level 3. HP: 22/29 MP: 3/3
  1650 | D:3      | Reached XP level 4. HP: 35/35 MP: 4/4
  1692 | D:3      | Reached skill level 4 in Axes
  1804 | D:3      | Found a faded altar of an unknown god.
  1853 | D:3      | Reached XP level 5. HP: 22/41 MP: 5/5
  1993 | D:3      | Noticed Natasha
  2003 | D:3      | Killed Natasha
  2003 | D:3      | Reached skill level 5 in Axes
  2068 | D:3      | Noticed an ogre
  2168 | D:3      | Killed an ogre
  2222 | D:3      | Gained mutation: You have sharp toenails. [demonic ancestry]
  2222 | D:3      | Reached XP level 6. HP: 47/47 MP: 6/6
  2257 | D:3      | Found a glowing golden altar of the Shining One.
  2296 | D:3      | Noticed Natasha
  2306 | D:3      | Killed Natasha
  2306 | D:3      | Reached skill level 6 in Axes
  2378 | D:3      | Noticed Natasha
  2381 | D:3      | Killed Natasha
  2425 | D:3      | Noticed Grinder
  2439 | D:3      | Paralysed by Grinder for 4 turns
  2446 | D:3      | Killed Grinder
  2446 | D:3      | Reached skill level 7 in Axes
  2446 | D:3      | Gained mutation: You have razor-sharp toenails. [demonic ancestry]
  2446 | D:3      | Reached XP level 7. HP: 16/52 MP: 7/7
  2661 | D:4      | Found a bloodstained altar of Trog.
  2705 | D:4      | Found an ancient bone altar of Kikubaaqudgha.
  2864 | D:4      | Found Petyh's Antique Weapon Shoppe.
  2867 | D:4      | Bought a runed war axe for 84 gold pieces
  2913 | D:4      | Found a shadowy altar of Dithmenos.
  3287 | D:5      | Entered Level 5 of the Dungeon
  3296 | D:5      | Reached skill level 8 in Axes
  3471 | D:5      | Found a white marble altar of Elyvilon.
  3575 | D:5      | Found Jigrimp's Gadget Shop.
  3938 | D:6      | Found Dysiwn's Quality Used Wands.
  3947 | D:6      | Gained mutation: You sometimes gain a little power by taking damage. [demonic ancestry]
  3947 | D:6      | Reached XP level 8. HP: 50/58 MP: 8/8
  4040 | D:6      | Found a staircase to the Ecumenical Temple.
  4047 | Temple   | Entered the Ecumenical Temple
  4051 | Temple   | Became a worshipper of Warmaster Okawaru
  4136 | D:6      | Reached skill level 9 in Axes
  4141 | D:6      | Killed from afar by an orc priest

Vault maps used:
D:1:      dpeg_chamrin_arrival_tetris
D:2:      grunt_temple_overflow_order_and_chaos_2
D:3:      lemuel_coloured_pillars_altar, serial_forest,
          infiniplex_forest_clump_double, infiniplex_forest_straight_3,
          infiniplex_forest_lined_4_way, infiniplex_forest_clump_large,
          infiniplex_forest_clump_tiny, infiniplex_forest_clump_diagonal,
          ecumenical_altar_1, uniq_natasha, uniq_grinder
D:4:      grunt_temple_overflow_open, first_bread, serial_shops,
          nicolae_shop_behind_doors, grunt_dithmenos_smoke
D:5:      serial_shops, shop, elyvilon_altar_4
D:6:      nicolae_for_you_no_charge, uniq_duvessa
Temple:   nicolae_temple_x_marks_the_god

Skill      XL: |  1  2  3  4  5  6  7  8 |
---------------+-------------------------+-----
Axes           | 2 3 4 5 7 8 9 |  9.0
Fighting       | |  3.0
Armour         | |  2.6
Shields        | |  2.6

Action                   |  1- 3 |  4- 6 |  7- 9 || total
-------------------------+-------+-------+-------++-------
Melee: War axe           |   184 |   121 |   114 ||   419
       Kick              |       |     2 |    20 ||    22
  Use: Potion            |       |     1 |       ||     1
       Scroll            |       |       |     5 ||     5
  Eat: Chunk             |     3 |     3 |     5 ||    11
Armor: Scale mail        |   108 |    32 |    31 ||   171
Dodge: Dodged            |    27 |    10 |    16 ||    53
Block: Shield            |    22 |       |       ||    22
       Large shield      |   124 |    97 |    67 ||   288
       Reflection        |     1 |       |     2 ||     3
